AoeStats
← [DDocs] ☣ Rapidler™ ☣

Nomad

506676774Analyzed
4v4 RM · 16d ago on Sep 14, 2026· 48m 4s· 8 players
Game mode
Random Map
Map size
231×231
Population
200
Speed
Normal
Resources
Standard
Victory
Conquest
Starting age
Dark Age
Ending age
Imperial Age
RankedLock teamsTeams togetherTeam positionsShared explorationLock speedFull tech treeHidden civsTurbo modeCheats
Victory
Defeat
🇷🇪 Britons · Réunion
1577
+16
🇫🇷 Maya · France
1555
+17
🇨🇳 Persians · China
1544
+17
🇩🇪 Armenians · Germany
1489
+20
🇩🇪 Aztecs · Germany
1748
-25
1546
-16
🇩🇪 Vietnamese · Germany
1516
-15
1489
-14
Bo Zhi Shang
5:00 Loom
13:15 Feudal Age
17:57 Castle Age
16:41 Double-Bit Axe
17:31 Forging
17:20 Fishing Lines
19:08 Gillnets
21:57 Wheelbarrow
21:50 Husbandry
21:58 Scale Barding Armor
28:27 Bloodlines
38:29 Medium Warships
39:38 Hand Cart
42:40 Imperial Age
42:22 Cavalier
43:25 Chain Barding Armor
43:42 Iron Casting
44:23 Savar
46:06 Plate Barding Armor
46:32 Blast Furnace
Triari
5:09 Loom
13:54 Feudal Age
17:58 Castle Age
17:46 Fletching
19:09 Bodkin Arrow
32:10 Imperial Age
32:34 Gold Mining
32:35 Double-Bit Axe
33:45 Bracer
39:25 Ballistics
40:05 Chemistry
39:10 Padded Archer Armor
42:15 Conscription
42:32 Leather Archer Armor
43:05 Coinage
47:05 Banking
47:54 Wheelbarrow
47:04 Town Watch
47:33 Bow Saw
La Baguette
4:20 Loom
11:30 Feudal Age
15:26 Fletching
15:27 Double-Bit Axe
19:41 Padded Archer Armor
19:51 Horse Collar
24:20 Castle Age
23:11 Gold Mining
24:25 Town Watch
24:22 Crossbowman
25:00 Bodkin Arrow
26:31 Stone Mining
27:10 Ballistics
28:47 Wheelbarrow
29:15 Leather Archer Armor
33:04 Bow Saw
38:17 Imperial Age
36:03 Heavy Plow
36:19 Elite Skirmisher
39:46 Ring Archer Armor
39:18 Bracer
38:50 Arbalester
41:28 Hand Cart
43:40 Conscription
44:44 Gold Shaft Mining
45:30 Chemistry
46:44 Ring Archer Armor
46:44 Yeomen
Obélix
2:57 Loom
14:04 Feudal Age
17:45 Castle Age
18:15 Fletching
21:47 Wheelbarrow
22:37 Double-Bit Axe
24:46 Bodkin Arrow
31:51 Bow Saw
33:10 Scale Mail Armor
38:19 Town Watch
41:36 Eagle Warrior
44:54 Chain Mail Armor
46:50 Horse Collar
50:48 Imperial Age
[DDocs] Dr.Rollstuhl - Twitch
4:49 Loom
13:17 Feudal Age
17:52 Castle Age
16:19 Double-Bit Axe
16:58 Horse Collar
17:14 Fishing Lines
17:31 Fletching
19:19 Bow Saw
19:00 Gold Mining
23:43 Padded Archer Armor
27:00 Bodkin Arrow
29:41 Leather Archer Armor
36:42 Wheelbarrow
[GER] Paeco
5:23 Loom
14:07 Feudal Age
15:58 Wheelbarrow
19:08 Castle Age
17:12 Double-Bit Axe
39:19 Scale Mail Armor
39:29 Forging
[DDocs] ☣ Rapidler™ ☣
9:52 Loom
13:54 Feudal Age
22:23 Castle Age
24:37 Double-Bit Axe
26:30 Wheelbarrow
36:14 Medium Warships
36:38 Bow Saw
39:38 Forging
42:12 Imperial Age
41:29 Scale Mail Armor
42:22 Onager
48:26 Chain Mail Armor
47:33 Pikeman
[DDocs] Dr.Klappstuhl
4:48 Loom
14:07 Feudal Age
18:43 Castle Age
17:21 Double-Bit Axe
17:22 Fishing Lines
21:11 Bow Saw
21:44 Gillnets
22:43 Fletching
23:07 Town Watch
24:01 Bodkin Arrow
36:17 Horse Collar
39:04 Wheelbarrow
39:47 Heavy Plow
39:38 Gold Mining
40:47 Scale Barding Armor
40:52 Forging
41:51 Bloodlines
42:26 Chain Barding Armor
43:05 Iron Casting
42:34 Husbandry
46:50 Imperial Age
45:28 Chatras
46:46 Ballistics
48:16 Plate Barding Armor
Connection lost

Rejoining the realm…

Still unreachable

The connection could not be restored.

Session expired

The server has moved on; the page needs a fresh start.